 Dungeon Crawl Stone Soup version 0.30.0 (webtiles) character file.

Game seed: 12743302393278818200

2409 Dani the Cleaver (level 9, -4/63 HPs)
             Began as a Demonspawn Fighter on May 20, 2023.
             Was a Believer of Okawaru.
             Succumbed to a kobold brigand's curare-tipped dart
             ... on level 7 of the Dungeon.
             The game lasted 00:12:04 (5992 turns).

Dani the Cleaver (Demonspawn Fighter)               Turns: 5992, Time: 00:12:04

Health: -4/63      AC: 12    Str: 17    XL:     9   Next: 23%
Magic:  11/11      EV: 13    Int: 14    God:    Okawaru [**....]
Gold:   181        SH:  4    Dex: 12    Spells: 8/8 levels left

rFire   . . .        a - +2 war axe
rCold   . . .        c - +0 buckler
rNeg    . . .        o - +0 chain mail
rPois   .            (helmet restricted)
rElec   .            h - +0 cloak
rCorr   .            i - +0 pair of gloves
SInv    .            n - +0 pair of boots
Will    +....        (no amulet) Stlth
                     p - +5 ring of evasion
HPRegen 0.30/turn    w - ring of willpower
MPRegen 0.24/turn

%: no passive effects
@: lethally poisoned (-4 -> -25), slowed, very slow
A: horns 1, (demonic guardian 1), magic regeneration, sturdy frame 1
a: Renounce Religion, Heroism


You were on level 7 of the Dungeon.
You worshipped Okawaru.
Okawaru was pleased with you.
You visited 1 branch of the dungeon, and saw 7 of its levels.
You also visited: Ossuary.

You collected 577 gold pieces.
You spent 396 gold pieces at shops.

Inventory:

Hand Weapons
 a - a +2 war axe (weapon)
Missiles
 x - 2 silver javelins (quivered)
Armour
 b - a +1 scale mail
 c - a +0 buckler (worn)
 h - a +0 cloak (worn)
   (You found it on level 1 of the Dungeon)
 i - a +0 pair of gloves (worn)
   (You found it on level 1 of the Dungeon)
 n - a +0 pair of boots (worn)
   (You found it on level 5 of the Dungeon)
 o - a +0 chain mail (worn)
   (You found it on level 4 of the Dungeon)
Jewellery
 p - a +5 ring of evasion (left hand)
   (You bought it in a shop on level 4 of the Dungeon)
 w - a ring of willpower (right hand)
   (You found it on level 5 of the Dungeon)
Wands
 j - a wand of mindburst (4)
   (You found it on level 4 of the Dungeon)
 l - a wand of roots (8)
   (You took it off Ijyb on level 4 of the Dungeon)
 m - a wand of polymorph (8)
   (You found it on level 5 of the Dungeon)
 L - a wand of light (9)
   (You found it on level 5 of the Dungeon)
 V - a wand of flame (16)
   (You took it off Robin on level 3 of the Dungeon)
Scrolls
 k - a scroll of enchant armour
 r - 2 scrolls of immolation
 M - 2 scrolls of magic mapping
 T - 3 scrolls of teleportation
Potions
 d - 4 potions of might
 e - a potion of flight
 f - a potion of attraction
 g - 2 potions of brilliance
 q - 2 potions of mutation {!q}
 s - 2 potions of heal wounds
 t - a potion of resistance
 u - a potion of invisibility
 v - a potion of magic {unknown}
 y - a potion of degeneration
 H - 3 potions of haste
 Q - 5 potions of curing {@q1}


   Skills:
 - Level 3.0 Fighting
 * Level 11.3 Axes
 - Level 2.6 Armour
 - Level 2.6 Shields
 - Level 3.0 Invocations


You had 8 spell levels left.
You didn't know any spells.
Your spell library contained the following spells:

 Spells                   Type           Power      Damage    Failure   Level
 Shock                    Conj/Air       0%         1d3       91%         1
 Ensorcelled Hibernation  Hex/Ice        0%         N/A       97%         2
 Passwall                 Tmut/Erth      0%         N/A       97%         2
 Confusing Touch          Hex            0%         N/A       100%        3
 Portal Projectile        Hex/Tloc       0%         N/A       100%        3
 Swiftness                Air            0%         N/A       100%        3
 Airstrike                Air            0%         2d(0-16)  100%        4
 Blade Hands              Tmut           0%         N/A       100%        5
 Conjure Ball Lightning   Conj/Air       0%         3x3d6     100%        6
 Iron Shot                Conj/Erth      0%         9d1       100%        6
 Tukima's Dance           Hex            Unusable   N/A       N/A         3

Dungeon Overview and Level Annotations

Branches:
Dungeon (7/15)             Temple (0/1) D:6         Ossuary (visited)

Altars:
Dithmenos
Gozag
Okawaru
Uskayaw
Yredelemnul

Shops:
D:4 =

Annotations:
D:3 3 runed translucent doors, xade's ghost, amateur DjFE


Innate Abilities, Weirdness & Mutations

You have a pair of small horns on your head.
((A weak demonic guardian rushes to your aid.))
You regenerate magic rapidly.
Your movements are slightly less encumbered by armour. (ER -2)


Message History

Deactivating autopickup; reactivate with Ctrl-A.
The orc warrior hits you with a +0 trident.
You slash the orc warrior!
The orc warrior is moderately wounded.
You hit something.
The orc warrior hits you with a +0 trident.
Something hits you but does no damage.
You hit the orc warrior but do no damage.
Your headbutt misses the orc warrior.
The orc warrior is moderately wounded.
You barely miss something. You block the orc warrior's attack.
A sky beast appears from thin air!
Reactivating autopickup.
The sky beast misses you.
You slash the orc warrior! Your headbutt misses the orc warrior.
The orc warrior is severely wounded.
You closely miss the white imp. You slash the sky beast!
The white imp hits you but does no damage.
The orc warrior barely misses you. The sky beast barely misses you.
You hit the orc warrior.
The orc warrior is almost dead.
You slash the white imp! You closely miss the orc. You hit the sky beast.
The orc curses loudly.
The orc barely misses you. You block the white imp's attack.
The orc warrior hits you but does no damage.
The sky beast completely misses you.
You hit the orc warrior but do no damage.
The orc warrior is almost dead.
You hit the orc. You closely miss the sky beast.
You hit the white imp but do no damage. The orc hits you but does no damage.
You hit the orc warrior.
You kill the orc warrior!
Okawaru accepts your kill.
You hit the white imp. You hit the orc. You hit the sky beast.
You block the white imp's attack.
The sky beast hits you but does no damage.
A kobold comes into view. It is wielding a +0 club.
A kobold brigand comes into view.
It is wielding a +0 club and quivering curare-tipped darts.
The orc hits you but does no damage.
The kobold shouts!
You slash the sky beast!
You kill the sky beast!
Okawaru accepts your kill.
You barely miss the white imp. You hit the kobold.
You kill the kobold!
Okawaru accepts your kill.
You closely miss the orc. The white imp gestures at you.
The puff of frost hits you.
The kobold throws a stone.
You block the stone. The orc closely misses you.
You hit the white imp.
You kill the white imp!
Okawaru accepts your kill.
You hit the orc.
You kill the orc!
The kobold throws a stone.
The stone barely misses you.
The kobold brigand throws a curare-tipped dart.
The curare-tipped dart closely misses you.
You hit the kobold but do no damage. Your headbutt misses the kobold.
A kobold comes into view. It is wielding a +0 dagger.
The kobold brigand throws a curare-tipped dart.
The curare-tipped dart hits you.
You are poisoned.
You have difficulty breathing.
You feel yourself slow down.
The kobold shouts!
You slash the kobold!
You kill the kobold!
Okawaru accepts your kill.
You hear a splash. x2
You feel sick.
The kobold brigand throws a curare-tipped dart.
The curare-tipped dart hits you.
You are more poisoned.
You have difficulty breathing.
* * * LOW HITPOINT WARNING * * *
You feel as though you will be slow longer.
You slash the kobold!
You kill the kobold!
You hear a splash. x2
You feel extremely sick.
You feel very sick.
You feel very sick.
The kobold throws a stone.
The stone hits you but does no damage.
The kobold brigand throws a curare-tipped dart.
The curare-tipped dart hits you.
You are lethally poisoned!
You have difficulty breathing.
* * * LOW HITPOINT WARNING * * *
You feel as though you will be slow longer.
There is an open door here.
* * * LOW HITPOINT WARNING * * *
You feel extremely sick.
The kobold brigand throws a curare-tipped dart.
The curare-tipped dart hits you.
You are more poisoned.
You have difficulty breathing.
* * * LOW HITPOINT WARNING * * *
You feel as though you will be slow longer.
You die...

.............#
#.........
.............#
#.........
.###..###..#####
#......... ##
#+####..###.###....K~~~~
#.........##......~..
+..)......##..)...~..
##..###..#.'..K~~~#~~
###..###....#.))...~..
+..........@#.....[~..
#...........#....~~~~~
###..#####.##....$....
#..##.#####.........
#......# #.........
+......# #######+##
#..##.#######
#####........ #....#####


There were no monsters in sight!

Vanquished Creatures
  2 water moccasins (D:5)
  An ice beast (D:6)
  2 orc warriors (D:7)
  A sky beast (D:7)
  2 black bears
  2 ogres (D:5)
  3 phantoms
  5 wights (D:6)
  3 scorpions
  2 gnoll boudas (D:6)
  4 hounds
  2 jellies
  2 sleepcaps (D:4)
  An iguana (D:5)
  An orc wizard (D:7)
  Ijyb (D:4)
  8 mummies (Ossuary)
  Robin (D:3)
  15 gnolls
  6 adders
  2 shadow imps
  2 white imps
  An ufetubus (D:4)
  A worm (D:2)
  3 dart slugs
  18 orcs
  9 ball pythons
  11 endoplasms
  6 goblins
  11 hobgoblins
  A jackal (D:5)
  3 quokkas
  4 bats
  A frilled lizard (D:2)
  2 gnoll zombies (Ossuary)
  A hobgoblin zombie (Ossuary)
  9 kobolds
  4 kobold zombies (Ossuary)
  An orc zombie (Ossuary)
  A quokka zombie (D:5)
  5 rats
  A rat zombie (D:5)
161 creatures vanquished.

Notes
Turn   | Place    | Note
-------+----------+-------------------------------------------
     0 | D:1      | Dani the Demonspawn Fighter began the quest for the Orb.
     0 | D:1      | Reached XP level 1. HP: 18/18 MP: 1/1
   201 | D:1      | Reached skill level 2 in Axes
   408 | D:1      | Gained mutation: You have a pair of small horns on your
                  | head. [demonic ancestry]
   408 | D:1      | Reached XP level 2. HP: 24/24 MP: 2/2
   600 | D:1      | Found a faded altar of an unknown god.
   693 | D:2      | Reached skill level 3 in Axes
   864 | D:2      | Got the Grimoire of Fetching Power
   979 | D:2      | Gained mutation: You regenerate magic rapidly. [demonic
                  | ancestry]
   979 | D:2      | Reached XP level 3. HP: 29/29 MP: 3/3
  1349 | D:3      | Identified the +1 helmet of the Teacher {Rampage rC- rN+++
                  | rCorr}
  1349 | D:3      | Noticed Robin
  1359 | D:3      | Killed Robin
  1593 | D:3      | Reached skill level 4 in Axes
  1593 | D:3      | Reached XP level 4. HP: 35/35 MP: 4/4
  1652 | D:3      | Found a basalt altar of Yredelemnul.
  1956 | D:3      | Found a runed translucent gate.
  1956 | D:3      | Found a runed translucent gate.
  1969 | D:3      | Found a runed translucent gate.
  2006 | D:3      | Noticed xade's ghost (amateur DjFE)
  2133 | D:4      | Noticed a black bear
  2146 | D:3      | Killed a black bear
  2147 | D:3      | Reached skill level 5 in Axes
  2147 | D:3      | Reached XP level 5. HP: 18/41 MP: 5/5
  2293 | D:4      | Noticed a phantom
  2305 | D:4      | Killed a phantom
  2306 | D:4      | Reached XP level 6. HP: 47/47 MP: 6/6
  2313 | D:4      | Found Wav Woph's Jewellery Shoppe.
  2318 | D:4      | Noticed Ijyb
  2497 | D:4      | Reached skill level 6 in Axes
  2553 | D:4      | Found an iron altar of Okawaru.
  2567 | D:4      | Became a worshipper of Warmaster Okawaru
  2606 | D:4      | Found a hide-covered altar of Uskayaw.
  2748 | D:4      | Reached skill level 7 in Axes
  2748 | D:4      | Reached XP level 7. HP: 43/52 MP: 7/7
  2822 | D:4      | Killed Ijyb
  2823 | D:4      | Reached skill level 1 in Invocations
  3040 | D:4      | Found an opulent altar of Gozag.
  3408 | D:5      | Entered Level 5 of the Dungeon
  3577 | D:5      | Reached skill level 2 in Invocations
  3579 | D:5      | Reached skill level 3 in Invocations
  3623 | D:5      | HP: 13/52 [sleepcap (12)]
  3628 | D:4      | HP: 7/52 [sleepcap (2)]
  3630 | D:4      | Reached skill level 8 in Axes
  3833 | D:5      | Reached * piety under Okawaru
  3841 | D:5      | Found a sand-covered staircase.
  3851 | Ossuary  | Entered an ossuary
  3948 | Ossuary  | Gained mutation: Your movements are slightly less
                  | encumbered by armour. (ER -2) [demonic ancestry]
  3948 | Ossuary  | Reached XP level 8. HP: 58/58 MP: 10/10
  4258 | D:5      | Reached skill level 9 in Axes
  4259 | D:5      | HP: 14/58 [poisoned by a water moccasin]
  4704 | D:4      | Bought a +5 ring of evasion for 396 gold pieces
  5197 | D:6      | Found a staircase to the Ecumenical Temple.
  5323 | D:6      | Reached skill level 10 in Axes
  5554 | D:6      | Gained mutation: A weak demonic guardian rushes to your
                  | aid. [demonic ancestry]
  5554 | D:6      | Reached XP level 9. HP: 63/63 MP: 11/11
  5812 | D:7      | Found a shadowy altar of Dithmenos.
  5896 | D:7      | Reached ** piety under Okawaru
  5897 | D:7      | Reached skill level 11 in Axes
  5990 | D:7      | HP: 14/63 [asphyx]
  5991 | D:7      | HP: 3/63 [asphyx]
  5992 | D:7      | Succumbed to a kobold brigand's curare-tipped dart

Illustrated notes

Levels and vault maps discovered:
D:1:      roderic_octagonal_star, layout_basic,
          shapermc_ecumenical_altar_pompeii
D:2:      layout_loops_ring, minmay_indecisive_spiral
D:3:      layout_loops_ring, yredelemnul_altar_generic, gammafunk_ghost_icy,
          uniq_robin
D:4:      layout_basic, okawaru_metal_pillars_3, mainiacjoe_overflow_alcove_1,
          mainiacjoe_overflow_tiny_flanked, minmay_shop_enchanted_jewellery,
          uniq_ijyb
D:5:      layout_basic, enter_ossuary_4, minmay_fractal_squares_diagonal_5
D:6:      layout_cave_pools, minmay_temple_entry_hall
D:7:      layout_gridville, old_standard_altar, kennysheep_generic_room_16

Skill      XL: |  1  2  3  4  5  6  7  8  9 |
---------------+----------------------------+-----
Axes           | 2 3 4 5 7 8 10 11 | 11.3
Invocations    | 3 |  3.0
Fighting       | |  3.0
Armour         | |  2.6
Shields        | |  2.6

Action                     |  1- 3 |  4- 6 |  7- 9 || total
---------------------------+-------+-------+-------++-------
  Melee: War axe           |    81 |    84 |   274 ||   439
         Headbutt          |     9 |    11 |    58 ||    78
 Invoke: Heroism           |       |       |     2 ||     2
  Evoke: Wand              |       |       |     2 ||     2
    Use: Scroll            |     6 |     5 |     9 ||    20
         Potion            |     4 |       |     2 ||     6
   Stab: Invisible         |       |       |     1 ||     1
 Armour: Scale mail        |    33 |    64 |    49 ||   146
         Skin              |     9 |       |       ||     9
         Chain mail        |       |       |    42 ||    42
  Dodge: Dodged            |    33 |    43 |   134 ||   210
  Block: Buckler           |     9 |    20 |    51 ||    80

Levels and vault maps discovered:
D:1:      roderic_octagonal_star, layout_basic,
          shapermc_ecumenical_altar_pompeii
D:2:      layout_loops_ring, minmay_indecisive_spiral
D:3:      layout_loops_ring, yredelemnul_altar_generic, gammafunk_ghost_icy,
          uniq_robin
D:4:      layout_basic, okawaru_metal_pillars_3, mainiacjoe_overflow_alcove_1,
          mainiacjoe_overflow_tiny_flanked, minmay_shop_enchanted_jewellery,
          uniq_ijyb
D:5:      layout_basic, enter_ossuary_4, minmay_fractal_squares_diagonal_5
D:6:      layout_cave_pools, minmay_temple_entry_hall
D:7:      layout_gridville, old_standard_altar, kennysheep_generic_room_16

Table legend: (Time is in decaauts)
 A = Elapsed time spent in this place.
 B = Non-inter-level travel time spent in this place.
 C = Inter-level travel time spent in this place.
 D = Time resting spent in this place.
 E = Time spent auto-exploring this place.
 F = Levels seen in this place.
 G = Mean time per level.
                   A        B        C        D        E       F      G
               +--------+--------+--------+--------+--------+-----+--------+
         Total |   6067 |   5858 |    209 |     33 |   4513 |   8 |  758.4 |
       Dungeon |   5720 |   5511 |    209 |     33 |   4301 |   7 |  817.1 |
       Ossuary |    346 |    346 |      0 |      0 |    212 |   1 |  346.0 |
               +--------+--------+--------+--------+--------+-----+--------+

Top non-repeatable levels by time:
     D:4: 1556 daAuts
     D:3: 927 daAuts
     D:5: 923 daAuts
     D:6: 760 daAuts
     D:2: 690 daAuts
     D:1: 667 daAuts
 Ossuary: 346 daAuts
     D:7: 193 daAuts

Table legend:
 A = Kills in this place as a percentage of kills in the entire game.
 B = Kills by you in this place as a percentage of kills by you in the entire game.
 C = Kills by friends in this place as a percentage of kills by friends in the entire game.
 D = Other kills in this place as a percentage of other kills in the entire game.
 E = Experience gained in this place as a percentage of experience gained in the entire game.
 F = Experience gained in this place divided by the number of levels of this place that you have seen.
                   A       B       C       D       E      F
               +-------+-------+-------+-------+-------+----------------------
         Total | 100.0 | 100.0 |   N/A |   N/A | 100.0 | 430.2
       Dungeon |  90.1 |  90.1 |   N/A |   N/A |  95.6 | 469.9
       Ossuary |   9.9 |   9.9 |   N/A |   N/A |   4.4 | 153.0
               +-------+-------+-------+-------+-------+----------------------
